Map: Pillars of Gold LE

Players

Massa

  • Race: Terran Terran
  • League: Platinum
  • Spawn Location: 7:00

qqq - Winner!

  • Race: Zerg Zerg
  • Spawn Location: 1:00

VOD

Have the link to the VOD?

Description

Time

  • Played on: March 17, 2021, 4:28 p.m.
  • Length: 24:37
Show
View Real Time Build Order
Export as new Build Order

Massa Terran 

Build Orders:  

Get SALT Encoding   

  12  0:00  SCV  
  13  0:12  SCV  
  14  0:20  Supply Depot  
  14  0:25  SCV  
  15  0:42  SCV  
  16  0:43  Barracks  
  16  0:47  Refinery  
  16  0:54  SCV  
  17  1:07  SCV  
  18  1:19  SCV  
  19  1:31  Orbital Command  
  19  1:50  Command Center  
  19  2:00  Supply Depot  
  19  2:03  SCV  
  20  2:23  Factory  
  20  2:25  Barracks Reactor  
  20  2:28  SCV  
  21  2:40  SCV  
  22  2:54  SCV  
  23  2:58  Refinery  
  23  3:00  Marine  
  23  3:01  Marine  
  23  3:04  Orbital Command  
  25  3:07  Hellion  
  25  3:12  Starport  
  27  3:15  SCV  
  27  3:18  Marine x2  
  27  3:19  Refinery  
  30  3:26  Engineering Bay  
  30  3:33  SCV  
  30  3:34  SCV  
  32  3:36  Marine x2  
  34  3:45  SCV  
  34  3:46  SCV  
  36  4:00  Starport Tech Lab  
  36  4:02  Barracks Tech Lab  
  36  4:04  Hellion x2  
  40  4:12  SCV  
  40  4:13  SCV  
  42  4:24  SCV  
  42  4:25  SCV, Hellion, Missile Turret  
  42  4:28  Missile Turret  
  46  4:54  SCV  
  46  4:55  SCV  
  46  4:56  Hellion x2  
  40  5:01  Cloaking Field  
  40  5:03  Banshee  
  40  5:06  SCV  
  44  5:07  SCV  
  44  5:09  Supply Depot  
  44  5:14  Barracks, Terran Infantry Weapons Level 1  
  45  5:17  Barracks x2  
  45  5:30  Hellion x2  
  45  5:35  Stimpack  
  49  5:36  Marauder  
  51  5:52  Widow Mine  
  53  5:59  Supply Depot  
  53  6:00  Supply Depot  
  53  6:01  Supply Depot  
  53  6:02  Barracks Reactor  
  53  6:04  Barracks Tech Lab  
  53  6:05  Barracks Reactor  
  53  6:15  SCV  
  54  6:20  Banshee  
  54  6:21  Widow Mine, SCV, Marauder  
  54  6:22  Missile Turret  
  54  6:23  Missile Turret  
  62  6:26  Armory  
  62  6:28  SCV  
  62  6:32  Factory  
  63  6:33  SCV  
  64  6:46  Marauder  
  63  6:50  Combat Shield  
  63  6:51  Marauder  
  63  6:52  Marine x4  
  69  6:56  Refinery  
  69  7:04  Missile Turret  
  69  7:07  Medivac  
  69  7:08  Marauder  
  73  7:13  Marauder  
  75  7:16  Widow Mine  
  75  7:18  Factory Tech Lab  
  77  7:23  Supply Depot  
  77  7:25  Supply Depot  
  77  7:29  Concussive Shells  
  77  7:31  Marine  
  78  7:45  Widow Mine, Marauder, Marine x2  
  78  7:50  Medivac  
  89  7:51  Siege Tank  
  89  7:52  Marauder, Marine  
  89  7:54  SCV  
  93  8:08  Terran Vehicle And Ship Armor Level 1, Supply Depot  
  93  8:10  Supply Depot  
  93  8:11  Terran Infantry Armor Level 1  
  93  8:30  Widow Mine x2, Marauder  
  100  8:41  SCV x2  
  101  8:51  Command Center  
  101  8:52  Widow Mine  
  101  8:53  SCV x2  
  87  9:22  Siege Tank  
  87  9:23  Widow Mine x2  
  94  9:34  Medivac  
  96  9:44  Widow Mine  
  98  9:48  Supply Depot  
  98  9:49  Supply Depot  
  98  9:53  Drilling Claws  
  98  9:54  Siege Tank  
  101  10:04  Medivac  
  101  10:05  Terran Infantry Weapons Level 2  
  101  10:07  Terran Vehicle And Ship Armor Level 2  
  101  10:14  Supply Depot  
  101  10:20  Planetary Fortress  
  101  10:24  SCV x2  
  103  10:32  Marine  
  103  10:33  Marauder x2, Marine x3  
  111  10:36  SCV x2  
  113  10:50  Marine  
  113  10:51  Marine x3, Supply Depot  
  113  10:52  Sensor Tower  
  113  10:53  Marine  
  113  10:54  Marine  
  113  10:56  Sensor Tower, Supply Depot  
  119  11:02  Command Center  
  119  11:04  Medivac  
  121  11:06  SCV  
  121  11:07  SCV x2  
  124  11:11  Sensor Tower  
  124  11:12  Smart Servos  
  124  11:15  Marauder, Marine, Supply Depot  
  124  11:16  Marauder, Marine x2, Missile Turret x2  
  131  11:19  SCV x2  
  131  11:22  Barracks  
  133  11:33  Barracks, Siege Tank, Ghost Academy  
  133  11:34  Medivac  
  133  11:35  Engineering Bay  
  133  11:37  Marauder  
  133  11:38  Supply Depot  
  140  11:58  SCV  
  140  11:59  SCV x2  
  140  12:01  Refinery x2  
  138  12:04  Medivac  
  138  12:06  Siege Tank  
  143  12:11  SCV  
  144  12:27  Marauder x2  
  144  12:28  Barracks Tech Lab, Marine x4  
  150  12:33  Medivac  
  152  12:48  Marauder x2  
  152  13:05  Marauder, Marine  
  155  13:09  Marauder x2  
  143  13:26  Marauder  
  145  13:31  Marauder x2, Siege Tank  
  145  13:32  Widow Mine x2  
  156  13:37  SCV x2  
  156  13:38  SCV  
  159  13:47  Marauder  
  154  13:52  Marauder, Medivac  
  154  13:53  Widow Mine x2  
  152  14:03  Siege Tank  
  152  14:05  SCV x3  
  158  14:17  SCV x2  
  158  14:18  SCV  
  158  14:22  Medivac  
  143  14:52  Medivac  
  116  15:22  Medivac  
  116  15:27  Marauder x3  
  116  15:28  Marine x4  
  103  15:42  Planetary Fortress  
  103  15:44  Siege Tank  
  103  15:45  Widow Mine x2  
  103  15:46  Marine x4  
  103  15:47  SCV x3  
  103  15:49  Marauder x3  
  123  15:51  Terran Infantry Armor Level 2  
  123  15:52  Terran Infantry Weapons Level 3, Medivac  
  123  15:54  Terran Vehicle And Ship Armor Level 3  
  125  16:03  Marine, Personal Cloaking  
  126  16:06  Widow Mine x2  
  126  16:10  Marauder x3  
  136  16:12  Refinery  
  136  16:14  Sensor Tower  
  136  16:16  Siege Tank  
  132  16:31  Marauder  
  118  16:37  Marauder x2  
  118  16:38  Marine x4  
  110  16:40  Widow Mine  
  110  16:45  Widow Mine  
  106  16:47  Barracks Tech Lab  
  106  16:48  Siege Tank  
  106  16:53  Marauder  
  109  16:55  Marine  
  109  16:56  Marine x3  
  109  16:58  Marauder  
  109  16:59  Marauder  
  111  17:06  Widow Mine  
  107  17:13  Marine  
  107  17:14  Marauder, Marine x3  
  108  17:16  Medivac  
  108  17:17  Marauder  
  108  17:20  Marauder x2, Siege Tank  
  109  17:23  Command Center  
  109  17:28  Enhanced Shockwaves  
  105  17:31  Marine  
  105  17:32  Marine  
  105  17:36  Marauder  
  109  17:38  Marauder  
  109  17:41  Marauder  
  113  17:46  Medivac  
  114  17:52  Siege Tank  
  117  18:12  Command Center  
  117  18:16  Medivac  
  117  18:19  Marauder x2  
  127  18:20  Marauder x2, Marine x4  
  127  18:23  Terran Infantry Armor Level 3  
  127  18:26  Command Center  
  131  18:38  Marine x4  
  131  18:41  Marauder x4  
  143  18:47  Nuke  
  142  18:55  Marine  
  142  18:56  Marine  
  144  19:06  Sensor Tower  
  144  19:08  Medivac  
  152  19:10  Marauder x3  
  152  19:24  SCV x3  
  152  19:28  SCV  
  156  19:38  Medivac  
  158  19:47  Hi-Sec Auto Tracking  
  158  19:50  Terran Vehicle Weapons Level 1  
  158  19:55  Planetary Fortress  
  158  19:58  Refinery  
  149  20:11  Refinery  
  105  20:23  Marauder x4, Marine  
  84  20:38  Marine  
  70  20:44  Marauder  
  70  20:45  Marauder x3  
  70  20:47  Marine  
  70  20:48  Marine  
  68  21:00  Neosteel Armor  
  66  21:06  Marauder x3  
  69  21:25  Siege Tank  
  72  21:28  Factory Reactor  
  72  21:33  Medivac  
  72  21:35  Marauder x2  
  72  21:36  Marine  
  72  21:37  Marine  
  78  21:57  Siege Tank  
  79  22:03  Medivac  
  65  22:21  Marauder  
  65  22:22  Marauder x3, Marine  
  64  22:37  Widow Mine x2  
  60  22:54  Marauder x2  
  60  22:55  Marauder  
  60  22:56  Marine x2  
  68  23:16  Marauder x2  
  72  23:20  Marine  
  72  23:21  Marine x5  
  78  23:37  Marine x2  
  78  23:38  SCV x2, Marine  
  78  23:39  Marine x2  
  85  23:42  Orbital Command  
  85  23:50  SCV x2  
  80  24:02  SCV  
  62  24:03  SCV  
  51  24:14  SCV  
Show
View Real Time Build Order
Export as new Build Order

qqq Zerg - Winner!

Build Orders: Hatch First, Lurkers 

Get SALT Encoding   

  12  0:01  Drone  
  13  0:09  Drone  
  14  0:22  Overlord  
  14  0:46  Hatchery  
  13  0:57  Extractor  
  13  1:00  Drone x2  
  13  1:01  Drone  
  16  1:18  Spawning Pool  
  16  1:19  Extractor  
  16  1:25  Drone  
  15  1:27  Drone  
  16  1:45  Drone x2  
  17  1:55  Drone  
  18  2:02  Drone  
  18  2:06  Queen  
  21  2:16  Queen  
  21  2:21  Drone  
  24  2:26  Metabolic Boost  
  24  2:30  Drone  
  24  2:33  Drone  
  26  2:40  Overlord  
  26  2:52  Drone  
  26  2:53  Drone  
  26  2:56  Overlord  
  28  3:03  Roach Warren  
  27  3:07  Drone x2  
  29  3:13  Zergling x2  
  29  3:15  Zergling x2  
  29  3:19  Zergling x2  
  32  3:20  Drone  
  32  3:26  Lair  
  33  3:32  Evolution Chamber  
  33  3:33  Drone  
  33  3:36  Drone  
  34  3:42  Drone, Zergling x2  
  34  3:43  Zergling x2  
  34  3:46  Zergling x2  
  34  3:48  Zergling x2  
  39  3:50  Zergling x2  
  39  3:53  Zergling x2  
  41  3:57  Roach  
  41  4:02  Overlord  
  42  4:03  Drone  
  43  4:11  Zerg Ground Armor Level 1  
  43  4:15  Overlord  
  43  4:18  Extractor  
  43  4:21  Zergling x4  
  43  4:23  Roach  
  46  4:25  Drone  
  46  4:27  Zergling x2  
  48  4:32  Zergling x4  
  48  4:37  Roach  
  48  4:38  Roach  
  54  4:44  Drone  
  50  5:01  Roach x3  
  50  5:02  Queen  
  58  5:17  Hydralisk Den  
  57  5:28  Roach x2  
  58  5:29  Roach  
  58  5:31  Overlord x4  
  60  5:42  Overlord x2  
  60  5:53  Spore Crawler  
  60  5:56  Spore Crawler  
  60  5:57  Hydralisk  
  56  5:58  Drone  
  56  5:59  Spore Crawler  
  56  6:00  Drone  
  56  6:03  Drone  
  60  6:09  Drone x2  
  62  6:14  Drone  
  63  6:19  Overseer  
  63  6:20  Hydralisk  
  63  6:22  Drone  
  66  6:31  Hydralisk  
  68  6:33  Drone  
  67  6:48  Drone x2  
  67  6:49  Drone x3  
  67  6:50  Drone x3  
  75  6:56  Zerg Missile Weapons Level 1  
  75  6:57  Lurker Den  
  75  6:58  Drone  
  75  7:01  Drone  
  76  7:07  Extractor x2  
  74  7:13  Ravager  
  75  7:16  Ravager  
  76  7:30  Hatchery  
  76  7:36  Hatchery  
  74  7:38  Pneumatized Carapace  
  74  7:41  Drone x3  
  74  7:42  Drone x4  
  81  7:48  Evolution Chamber  
  80  7:57  Ravager x2  
  82  7:58  Hydralisk  
  82  8:00  Drone, Overlord  
  82  8:01  Drone  
  82  8:05  Muscular Augments  
  86  8:09  Drone  
  86  8:10  Hydralisk  
  89  8:17  Drone  
  89  8:18  Hydralisk  
  89  8:19  Roach  
  94  8:25  Lurker  
  94  8:26  Drone  
  94  8:27  Drone x3  
  99  8:38  Spine Crawler x2  
  96  8:42  Spine Crawler  
  88  9:15  Zergling x6, Roach  
  88  9:16  Zergling x10, Roach x3  
  104  9:23  Spine Crawler  
  103  9:24  Spine Crawler  
  103  9:25  Spore Crawler  
  103  9:27  Zergling x2  
  103  9:28  Zergling x6  
  103  9:39  Overseer x2  
  103  9:46  Hydralisk x2  
  103  9:47  Hydralisk  
  109  10:04  Drone x2  
  110  10:08  Hatchery  
  110  10:12  Lurker x2  
  111  10:17  Zerg Ground Armor Level 2, Grooved Spines  
  111  10:18  Zerg Missile Weapons Level 2  
  111  10:19  Hatchery  
  110  10:27  Drone x2, Infestation Pit  
  112  10:28  Drone  
  112  10:47  Drone  
  112  10:48  Overlord  
  112  10:49  Overlord x4  
  113  10:55  Extractor  
  113  10:56  Queen  
  112  10:57  Extractor  
  113  11:06  Hive  
  113  11:26  Drone x3  
  113  11:27  Drone x3, Hatchery  
  113  11:28  Hydralisk  
  113  11:31  Lurker  
  113  11:32  Lurker  
  122  11:35  Lurker  
  122  11:36  Lurker  
  122  11:39  Lurker  
  125  11:42  Drone  
  125  11:43  Drone  
  125  11:45  Drone  
  128  12:06  Hydralisk x5  
  133  12:33  Zerg Melee Weapons Level 1  
  133  12:37  Spine Crawler  
  127  13:20  Drone x5  
  127  13:21  Drone  
  127  13:26  Ultralisk Cavern, Zerg Ground Armor Level 3  
  129  13:34  Adrenal Glands  
  129  13:36  Zergling x16  
  129  13:37  Zergling x12  
  131  14:03  Hydralisk x5  
  131  14:04  Roach  
  131  14:05  Roach x2  
  147  14:21  Drone x5, Hydralisk x3  
  157  14:27  Zerg Missile Weapons Level 3  
  128  14:44  Zergling x4, Ultralisk x4  
  128  14:45  Zergling x4  
  148  14:50  Anabolic Synthesis  
  148  14:52  Seismic Spines  
  142  14:58  Lurker x3  
  142  14:59  Lurker  
  133  15:30  Zergling x6, Ultralisk  
  133  15:31  Zergling x2  
  133  15:33  Hatchery, Chitinous Plating  
  142  15:45  Drone  
  142  15:46  Overlord  
  142  15:47  Overlord x5  
  142  15:48  Overlord x2  
  142  15:49  Adaptive Talons  
  143  15:58  Overlord  
  143  16:01  Hatchery  
  143  16:03  Zerg Melee Weapons Level 2  
  142  16:05  Extractor  
  142  16:08  Extractor  
  129  16:29  Ultralisk x3  
  134  16:38  Hydralisk x2  
  134  16:39  Drone x2  
  120  17:08  Zergling x6, Ultralisk x2  
  125  17:09  Zergling x8  
  125  17:11  Drone  
  132  17:22  Spine Crawler  
  121  17:30  Ultralisk  
  121  17:31  Drone x2, Hydralisk  
  121  17:32  Hydralisk  
  133  17:38  Hydralisk  
  133  17:39  Zergling x4  
  133  17:44  Drone x2  
  139  17:47  Lurker  
  140  17:52  Hydralisk x3  
  140  17:53  Drone x2  
  140  17:57  Drone x2  
  150  18:00  Overseer  
  147  18:09  Overseer  
  147  18:10  Drone, Overlord x2  
  147  18:11  Drone x4  
  152  18:16  Spore Crawler  
  151  18:22  Ultralisk  
  151  18:23  Drone  
  158  18:30  Drone x2, Zergling x4  
  158  18:31  Drone x2  
  164  18:35  Spine Crawler  
  164  18:37  Spine Crawler  
  163  18:41  Lurker x3  
  163  18:43  Hydralisk  
  158  18:53  Queen  
  160  18:57  Spine Crawler, Spore Crawler  
  158  19:04  Hydralisk  
  158  19:05  Hydralisk x2  
  158  19:06  Ultralisk  
  158  19:07  Zergling x4  
  173  19:10  Drone x2  
  173  19:11  Drone  
  175  19:20  Drone x3  
  175  19:21  Drone x2  
  180  19:31  Extractor  
  180  19:33  Extractor  
  178  19:43  Zerg Melee Weapons Level 3  
  167  20:16  Ultralisk x3  
  167  20:17  Hydralisk, Ultralisk x2  
  161  20:50  Ultralisk x3  
  161  20:51  Hydralisk x5  
  161  20:52  Drone x2, Zergling x2  
  161  20:53  Zergling x8  
  192  21:04  Drone x5  
  182  21:08  Extractor x2  
  183  21:16  Spore Crawler  
  176  21:19  Spine Crawler  
  176  21:20  Spine Crawler  
  176  21:23  Overseer x3  
  172  21:35  Spine Crawler  
  171  21:45  Drone x3  
  174  21:53  Hydralisk x6  
  174  21:54  Hydralisk x4  
  184  21:56  Ultralisk  
  175  22:22  Hydralisk, Ultralisk x3  
  185  22:23  Hydralisk  
  185  22:24  Drone x5  
  185  22:25  Drone, Zergling x12  
  195  22:38  Overseer x2  
  195  22:40  Hydralisk x2  
  195  22:41  Drone  
  190  22:54  Lurker x3  
  190  22:55  Hydralisk x2  
  190  22:56  Drone x2  
  190  22:57  Drone  
  200  23:14  Hatchery  
  199  23:24  Extractor  
  198  23:28  Extractor  
  197  23:47  Zergling x4  
  197  23:48  Zergling x2  
  185  24:05  Hydralisk x2  
  188  24:19  Hatchery  
Tags
 
Composition
Lurkers
League
Platinum
Matchup
TvZ
Replay Pack
Multiplayer
Spawn Locations
Cross Positions
Add a new tag
Caveats
  • Supply blocks, unpowered buildings, or Contaminate may cause inaccurate times.
  • Supply counts are checked every 10 seconds.